 Dungeon Crawl Stone Soup version 0.29.0-4-gdea44cf6ec (webtiles) character file.

Game seed: 7928792680108112988

9 qw the Sneak (level 2, 0/23 HPs)
             Began as a Ghoul Enchanter on Sept 6, 2022.
             Slain by a giant cockroach (2 damage)
             ... on level 1 of the Dungeon.
             The game lasted 00:00:14 (319 turns).

qw the Sneak (Ghoul Enchanter)                       Turns: 319, Time: 00:00:15

Health: 0/23       AC:  2    Str: 11    XL:     2   Next: 16%
Magic:  3/3        EV: 12    Int: 10    God:
Gold:   9          SH:  0    Dex:  9    Spells: 4/4 levels left

rFire   . . .      SeeInvis .   d - +0 short sword
rCold   + . .      Faith    .   (no shield)
rNeg    + + +      Spirit   .   b - +0 robe
rPois   inf        Reflect  .   (no helmet)
rElec   .          Harm     .   (no cloak)
rCorr   .          Rampage  .   (no gloves)
Will    .....                   (no boots)
Stlth   ++........              (no amulet)
HPRegen 0.00/turn               (no ring)
MPRegen 0.08/turn               (no ring)

@: inhibited regen
A: claws 1, cold resistance 1, negative energy resistance 3, inhibited
regeneration, torment resistance 2, devour on kill
a: no special abilities


You were on level 1 of the Dungeon.
You visited 1 branch of the dungeon, and saw 1 of its levels.

You collected 9 gold pieces.


Innate Abilities, Weirdness & Mutations

You are immune to poison.
You have sharp fingernails.
Your flesh is cold resistant. (rC+)
You are immune to negative energy. (rN+++)
You do not regenerate when monsters are visible.
You are immune to unholy pain and torment.
You thrive by killing the living.


   Skills:
 - Level 1.0 Fighting
 - Level 0.8 Short Blades
 + Level 1.1 Axes
 - Level 1.7 Dodging
 - Level 3.2 Stealth
 - Level 1.7 Spellcasting
 - Level 2.4 Hexes


You had 4 spell levels left.
You didn't know any spells.
Your spell library contained the following spells:

 Spells                   Type           Power      Damage    Failure   Level
 Ensorcelled Hibernation  Hex/Ice        6%         N/A       30%         2
 Confusing Touch          Hex            5%         N/A       34%         3
 Tukima's Dance           Hex            5%         N/A       34%         3
 Dazzling Flash           Conj/Hex       6%         N/A       52%         3

Inventory:

Hand Weapons
 d - a +0 short sword (weapon)
Armour
 b - a +0 robe (worn)
Potions
 c - 2 potions of invisibility

Dungeon Overview and Level Annotations

Branches:
Dungeon (1/15)

Altars:


Message History

Found 6 gold pieces.
301 ||| Stepping ~*~*~tactically~*~*~ (outnumbered).
The rat attacks as you move away! The rat closely misses you.
Found 16 gold pieces.
302 ||| Stepping ~*~*~tactically~*~*~ (outnumbered).
The kobold attacks as you move away! The kobold closely misses you.
The rat attacks as you move away! The rat bites you.
303 ||| Stepping ~*~*~tactically~*~*~ (outnumbered).
304 ||| Stepping ~*~*~tactically~*~*~ (outnumbered).
305 ||| Stepping ~*~*~tactically~*~*~ (outnumbered).
306 ||| Stepping ~*~*~tactically~*~*~ (outnumbered).
The frilled lizard unfolds its giant frill.
307 ||| Stepping ~*~*~tactically~*~*~ (outnumbered).
The rat attacks as you move away! The rat misses you.
308 ||| Stepping ~*~*~tactically~*~*~ (outnumbered).
The rat attacks as you move away! The rat bites you but does no damage.
309 ||| Stepping ~*~*~tactically~*~*~ (outnumbered).
310 ||| Stepping ~*~*~tactically~*~*~ (outnumbered).
311 ||| Stepping ~*~*~tactically~*~*~ (outnumbered).
The kobold attacks as you move away! The kobold hits you with a +0 dagger.
312 ||| Stepping ~*~*~tactically~*~*~ (outnumbered).
The giant cockroach attacks as you move away!
The giant cockroach barely misses you.
313 ||| Stepping ~*~*~tactically~*~*~ (outnumbered).
The rat attacks as you move away! The rat closely misses you.
314 ||| Stepping ~*~*~tactically~*~*~ (outnumbered).
315 ||| Stepping ~*~*~tactically~*~*~ (outnumbered).
The giant cockroach closely misses you.
316 ||| Stepping ~*~*~tactically~*~*~ (outnumbered).
The rat attacks as you move away! The rat bites you but does no damage.
317 ||| Stepping ~*~*~tactically~*~*~ (outnumbered).
The giant cockroach attacks as you move away!
The giant cockroach closely misses you.
You see here a +0 sling.
You hit the giant cockroach but do no damage.
The giant cockroach barely misses you.
319 ||| Stepping ~*~*~tactically~*~*~ (outnumbered).
The giant cockroach attacks as you move away!
The giant cockroach bites you.
You die...

#.... #.... #....
######### #$...
........# #....
........# #....
........# #....
........############....
.......@##.S............
.......rBSl.............
.........K..............
........#####..#####....
........######....##....
............#####..#....
####..}...}.# ##.)%...
####..#'#..# ##.....
......#<#..# .........


You could see a giant cockroach, a ball python, a kobold, a frilled lizard and a
rat.

Vanquished Creatures
  A bat (D:1)
  A goblin (D:1)
  A hobgoblin (D:1)
  A quokka (D:1)
  2 ball pythons (D:1)
  A frilled lizard (D:1)
  2 kobolds (D:1)
9 creatures vanquished.

Notes
Turn   | Place    | Note
-------+----------+-------------------------------------------
     0 | D:1      | qw the Ghoul Enchanter began the quest for the Orb.
     0 | D:1      | Reached XP level 1. HP: 14/14 MP: 2/2
     0 | D:1      | 0 ||| qw: Version: 0.1-a-108-g9e35731
     0 | D:1      | 0 ||| qw: Game counter: 6196
     0 | D:1      | 0 ||| qw: Always use a shield: true
     0 | D:1      | 0 ||| qw: God list: Okawaru
     0 | D:1      | 0 ||| qw: Allow faded altars: false
     0 | D:1      | 0 ||| qw: Do Orc after D:15 true
     0 | D:1      | 0 ||| qw: Do second Lair branch before Depths: true
     0 | D:1      | 0 ||| qw: Lair rune preference: random
     0 | D:1      | 0 ||| qw: Plans: Normal
     0 | D:1      | 0 ||| PLANNING D:1-11
   131 | D:1      | 131 ||| Stepping ~*~*~tactically~*~*~ (stealth).
   146 | D:1      | 146 ||| Stepping ~*~*~tactically~*~*~ (outnumbered).
   147 | D:1      | 147 ||| Stepping ~*~*~tactically~*~*~ (outnumbered).
   156 | D:1      | Reached skill level 1 in Axes
   264 | D:1      | 264 ||| SWAPPING to +0 short sword.
   265 | D:1      | 265 ||| DROPPING +1 dagger.
   275 | D:1      | Reached XP level 2. HP: 22/22 MP: 3/3
   287 | D:1      | Reached skill level 1 in Fighting
   298 | D:1      | 298 ||| Stepping ~*~*~tactically~*~*~ (outnumbered).
   299 | D:1      | 299 ||| Stepping ~*~*~tactically~*~*~ (outnumbered).
   300 | D:1      | 300 ||| Stepping ~*~*~tactically~*~*~ (outnumbered).
   301 | D:1      | 301 ||| Stepping ~*~*~tactically~*~*~ (outnumbered).
   302 | D:1      | 302 ||| Stepping ~*~*~tactically~*~*~ (outnumbered).
   302 | D:1      | HP: 5/23 [rat (1)]
   303 | D:1      | 303 ||| Stepping ~*~*~tactically~*~*~ (outnumbered).
   304 | D:1      | 304 ||| Stepping ~*~*~tactically~*~*~ (outnumbered).
   305 | D:1      | 305 ||| Stepping ~*~*~tactically~*~*~ (outnumbered).
   306 | D:1      | 306 ||| Stepping ~*~*~tactically~*~*~ (outnumbered).
   307 | D:1      | 307 ||| Stepping ~*~*~tactically~*~*~ (outnumbered).
   308 | D:1      | 308 ||| Stepping ~*~*~tactically~*~*~ (outnumbered).
   309 | D:1      | 309 ||| Stepping ~*~*~tactically~*~*~ (outnumbered).
   310 | D:1      | 310 ||| Stepping ~*~*~tactically~*~*~ (outnumbered).
   311 | D:1      | 311 ||| Stepping ~*~*~tactically~*~*~ (outnumbered).
   311 | D:1      | HP: 2/23 [kobold/+0 dagger (3)]
   312 | D:1      | 312 ||| Stepping ~*~*~tactically~*~*~ (outnumbered).
   313 | D:1      | 313 ||| Stepping ~*~*~tactically~*~*~ (outnumbered).
   314 | D:1      | 314 ||| Stepping ~*~*~tactically~*~*~ (outnumbered).
   315 | D:1      | 315 ||| Stepping ~*~*~tactically~*~*~ (outnumbered).
   316 | D:1      | 316 ||| Stepping ~*~*~tactically~*~*~ (outnumbered).
   317 | D:1      | 317 ||| Stepping ~*~*~tactically~*~*~ (outnumbered).
   319 | D:1      | 319 ||| Stepping ~*~*~tactically~*~*~ (outnumbered).
   319 | D:1      | Slain by a giant cockroach

Levels and vault maps discovered:
D:1:      scummos_arrival_simple_fountains, layout_rooms,
          hellmonk_ecumenical_altar_leap_of_faith, st_stairs_13,
          serial_park_tiny_2

Skill      XL: |  1  2 |
---------------+-------+-----
Axes           | 1 |  1.1
Fighting       | 1 |  1.0
Short Blades   | |  0.8
Dodging        | |  1.7
Stealth        | |  3.2
Spellcasting   | |  1.7
Hexes          | |  2.4

Action                   || total
-------------------------++-------
Melee: Dagger            ||    27
       Short sword       ||    16
Armor: Robe              ||     9
Dodge: Dodged            ||    50

Table legend:
 A = Non-vault XP
 B = Vault XP
 C = Vault XP percentage of total XP
 D = Non-vault monster count
 E = Vault monster count
 F = Vault count percentage of total count
                 A         B        C        D         E       F
            +---------+---------+-------+---------+---------+-------
      Total |      14 |       0 |   0.0 |       9 |       0 |   0.0
            +---------+---------+-------+---------+---------+-------
        D:1 |      14 |       0 |   0.0 |       9 |       0 |   0.0
            +---------+---------+-------+---------+---------+-------
